cohdb
Replays
Latest Replays
All Replays
Popular Replays
Top Player Replays
Match Explorer
How It Works
Community
CoH3 Stats
Reddit
Sign in to upload your games and track your stats! →
Sign in with Steam
Match 41449718
Unlisted
Match 41449718
Overview
Messages
Build Orders
End
Selects Australian Defense Battlegroup
Selects Australian Light Infantry Section
Australian Light Infantry Section
Construct Section Command Post
Dingo Light Scout Car
Australian Light Infantry Section
Selects Defensive Tactics
Australian Light Infantry Section
Construct Platoon Command Post
Humber Armored Car
Humber Armored Car
Light Vehicle Training
Selects Vehicle Over Repair
♥ ~Lady Rytsu~ ♥
PAX AJAX
KevinTDW
我真的不是驴
0
0
Comments
sign in to comment!
No comments posted yet!